Map: Zen LE

Players

spooner - Winner!

  • Race: Zerg Zerg
  • League: Master
  • Spawn Location: 1:00

Osiris

  • Race: Terran Terran
  • League: Diamond
  • Spawn Location: 7:00

VOD

Have the link to the VOD?

Description

Time

  • Played on: June 8, 2020, 3:45 a.m.
  • Length: 9:30
Show
View Real Time Build Order
Export as new Build Order

spooner Zerg - Winner!

Build Orders: Pool First 

Get SALT Encoding   

  12  0:00  Drone  
  13  0:12  Overlord  
  13  0:17  Drone  
  14  0:31  Drone  
  14  0:32  Drone  
  14  0:34  Drone  
  17  0:48  Spawning Pool  
  17  0:49  Drone  
  17  1:08  Hatchery  
  16  1:11  Drone  
  16  1:15  Drone  
  18  1:22  Drone  
  19  1:26  Extractor  
  18  1:34  Zergling x2  
  18  1:37  Queen  
  21  1:40  Drone  
  22  1:50  Roach Warren  
  22  1:51  Drone  
  22  2:05  Overlord  
  22  2:20  Queen  
  24  2:29  Roach  
  30  2:30  Roach x2  
  30  2:34  Roach  
  32  2:37  Roach  
  34  2:50  Drone x2  
  34  2:51  Drone  
  36  2:52  Overlord  
  36  3:02  Overlord  
  36  3:11  Drone x3  
  39  3:16  Drone x2  
  41  3:23  Drone x2  
  41  3:24  Drone  
  44  3:29  Drone x2  
  44  3:33  Drone x3  
  49  3:37  Drone, Extractor x2  
  49  3:41  Drone  
  49  3:42  Extractor  
  49  3:47  Drone  
  49  3:52  Drone  
  50  3:59  Drone  
  50  4:02  Drone  
  52  4:08  Overlord x2  
  52  4:15  Overlord  
  52  4:20  Drone  
  52  4:21  Drone  
  52  4:25  Overlord  
  52  4:28  Lair, Drone  
  52  4:29  Drone x2  
  55  4:35  Metabolic Boost  
  53  4:44  Drone x2  
  53  4:45  Drone x3  
  58  4:50  Drone x3  
  59  4:53  Zergling x2  
  59  4:56  Zergling x2  
  59  4:57  Queen  
  59  4:59  Zergling x2  
  64  5:06  Zergling x2  
  65  5:13  Zergling x8  
  67  5:17  Zergling x2  
  66  5:22  Hatchery  
  66  5:24  Zergling x2  
  66  5:26  Zergling x4  
  66  5:27  Zergling x2  
  69  5:31  Overlord  
  69  5:32  Spire  
  69  5:34  Overseer  
  68  5:36  Zergling x2  
  68  5:40  Zergling x8  
  73  5:54  Zergling x4  
  72  6:01  Zergling x8  
  73  6:12  Overlord  
  72  6:34  Hatchery  
  71  6:47  Mutalisk x7  
  71  6:48  Mutalisk x2  
  71  6:51  Mutalisk  
  91  6:56  Hatchery  
  91  6:59  Mutalisk  
  92  7:02  Mutalisk  
  92  7:06  Mutalisk  
  92  7:07  Mutalisk  
  98  7:13  Overlord x2  
  98  7:15  Zerg Flyer Weapons Level 1  
  98  7:28  Overlord  
  98  7:33  Zergling x8  
  98  7:35  Mutalisk x2  
  106  7:40  Overlord x3  
  106  7:46  Overlord x2  
  106  7:54  Overlord  
  106  8:00  Mutalisk x3  
  112  8:05  Zergling x2  
  112  8:06  Zergling x10  
  112  8:09  Queen  
  112  8:11  Queen  
  112  8:12  Zergling x6  
  125  8:16  Mutalisk x2  
  129  8:23  Overlord  
  129  8:24  Drone x3  
  129  8:27  Drone  
  110  8:47  Mutalisk x3  
  112  8:53  Drone x3  
Show
View Real Time Build Order
Export as new Build Order

Osiris Terran 

Build Orders:  

Get SALT Encoding   

  12  0:01  SCV  
  13  0:13  SCV  
  14  0:17  Supply Depot  
  14  0:25  SCV  
  15  0:39  SCV  
  15  0:40  Barracks  
  16  0:51  SCV  
  16  0:53  Refinery  
  17  1:03  SCV  
  18  1:15  SCV  
  19  1:28  Orbital Command  
  19  1:40  Command Center  
  19  1:50  Supply Depot  
  20  1:54  SCV  
  21  2:06  Reaper  
  21  2:07  SCV  
  22  2:16  Factory  
  22  2:20  Refinery  
  22  2:23  SCV  
  22  2:38  Marine  
  22  2:43  Bunker  
  23  2:59  Barracks Tech Lab  
  23  3:04  SCV  
  24  3:19  SCV  
  24  3:33  SCV  
  25  3:40  Cyclone  
  28  3:53  SCV  
  28  3:54  Barracks Tech Lab  
  29  3:57  Factory  
  29  3:58  Factory  
  28  4:12  Cyclone  
  30  4:28  Supply Depot  
  30  4:32  Orbital Command  
  30  4:47  Factory Reactor  
  30  4:50  SCV  
  30  4:52  Mag-Field Accelerator  
  31  4:53  Cyclone  
  31  4:58  SCV  
  35  5:01  Cyclone  
  37  5:11  SCV  
  37  5:15  SCV  
  38  5:23  SCV  
  38  5:27  Cyclone, Hellion x2  
  46  5:36  Supply Depot  
  46  5:37  Supply Depot  
  46  5:58  Hellion x2, SCV  
  46  6:01  Cyclone x2  
  51  6:12  SCV  
  51  6:13  Refinery, Supply Depot  
  51  6:16  Command Center  
  51  6:17  Refinery  
  49  6:21  Hellion x2  
  49  6:23  Infernal Pre-Igniter  
  51  6:25  SCV  
  51  6:26  SCV  
  52  6:37  SCV  
  52  6:38  SCV  
  54  6:41  Hellion  
  54  6:42  Hellion  
  54  6:46  Engineering Bay  
  58  6:49  SCV  
  58  6:50  Hellion, SCV  
  62  7:01  Hellion  
  64  7:02  SCV x2  
  64  7:03  Hellion  
  68  7:14  Hellion  
  70  7:28  Cyclone, Hellion  
  70  7:29  Missile Turret  
  75  7:30  Orbital Command, Missile Turret, Supply Depot  
  75  7:41  Hellion  
  77  7:48  SCV  
  78  7:52  Cyclone  
  78  7:53  Hellion  
  78  7:54  SCV  
  84  8:00  SCV  
  85  8:06  SCV  
  85  8:07  Cyclone  
  85  8:08  Hellion  
  85  8:10  Orbital Command  
  85  8:12  SCV  
  92  8:20  Supply Depot  
  92  8:23  Hellion  
  92  8:25  SCV  
  92  8:26  Cyclone  
  90  8:41  Cyclone  
  72  8:47  Hellion  
  72  8:48  Hellion  
  65  8:55  Orbital Command  
  65  9:00  Armory  
Tags
 
Matchup
TvZ
Opening
Pool First
Spawn Locations
Cross Positions
Add a new tag
Caveats
  • Supply blocks, unpowered buildings, or Contaminate may cause inaccurate times.
  • Supply counts are checked every 10 seconds.